 Dungeon Sprint DCSS version 0.28.0-53-g5a82cb258f (webtiles) character file.

Game seed: 17307161575943776918

6762 Zeld the Warrior (level 10, -2/112 HPs)
             Began as a Minotaur Berserker on May 20, 2022.
             Was the Champion of Trog.
             Succumbed to a black mamba's poison
             ... in the Dungeon (Sprint VII: "The Pits").
             The game lasted 00:02:53 (2295 turns).

Zeld the Warrior (Minotaur Berserker)               Turns: 2295, Time: 00:02:54

Health: -2/112     AC: 12    Str: 26    XL:     10   Next: 75%
Magic:  9/9        EV: 14    Int:  4    God:    Trog [******]
Gold:   0          SH:  0    Dex: 10    Spells: 9/9 levels left

rFire   . . .      SeeInvis .   a - +1 broad axe (freeze)
rCold   . . .      Faith    .   (no shield)
rNeg    . . .      Spirit   .   b - +3 scale mail
rPois   .          Reflect  .   (helmet restricted)
rElec   .          Harm     .   (no cloak)
rCorr   .          Rampage  .   (no gloves)
Will    .....      NoTele   +   (no boots)
Stlth   ..........              (no amulet)
HPRegen 0.28/turn               (no ring)
MPRegen 0.11/turn               (no ring)

@: lethally poisoned (-2 -> -22), on berserk cooldown, slowed, very slow
A: horns 2, retaliatory headbutt
a: Renounce Religion, Berserk, Trog's Hand, Brothers in Arms


You were in the Dungeon.
You worshipped Trog.
Trog was exalted by your worship.
You visited 1 branch

Inventory:

Hand Weapons
 a - a +1 broad axe of freezing (weapon)
Armour
 b - a +3 scale mail (worn)
Jewellery
 k - a +3 ring of intelligence
 l - a +3 ring of intelligence
Scrolls
 h - a scroll of blinking
 j - a scroll of summoning
Potions
 c - 7 potions of curing
 d - 12 potions of heal wounds
 e - a potion of haste
 f - 4 potions of magic
 g - 3 potions of berserk rage
 i - 2 potions of invisibility
 m - 2 potions of might


   Skills:
 * Level 18.1 Fighting
 * Level 18.0 Axes
 + Level 13.1 Armour
 + Level 11.9 Dodging


You had 9 spell levels left.
You didn't know any spells.
Your spell library was empty.

Dungeon Overview and Level Annotations

Branches:
Dungeon (1/1)

Altars:
Ashenzari
Cheibriados
Dithmenos
Elyvilon
Fedhas
Gozag
Hepliaklqana
Kikubaaqudgha
Makhleb
Nemelex Xobeh
Okawaru
Qazlal
Ru
Sif Muna
Trog
Uskayaw
Vehumet
Wu Jian
Xom
Yredelemnul
Zin
The Shining One
Beogh
Jiyva
Lugonu


Innate Abilities, Weirdness & Mutations

You have a pair of horns on your head.
You reflexively headbutt those who attack you in melee.


Message History

Something drains your vigour!
You feel as though you will be slow longer.
The black mamba barely misses you. You furiously retaliate!
You headbutt the black mamba. Something hits you but does no damage.
You slash something! You freeze something. You slash the black mamba!
The black mamba seems to slow down.
You freeze the black mamba.
You feel very sick. The black mamba bites you!
* * * LOW HITPOINT WARNING * * *
You are lethally poisoned!
The black mamba poisons you!
You barely miss something. You headbutt something! Trog accepts your kill.
Reactivating autopickup.
You feel a bit more experienced.
You slice the black mamba!! You freeze the black mamba.
You kill the black mamba!
Trog accepts your kill.
* * * LOW HITPOINT WARNING * * *
You feel extremely sick.
Your Fighting skill increases to level 18!
Your Axes skill increases to level 18!
Your Armour skill increases to level 13!
Unknown command.
Unknown command.
There is a lethal amount of poison in your body!
There is a lethal amount of poison in your body!
You are too berserk!
Unknown command.
Okay, then.
* * * LOW HITPOINT WARNING * * *
You feel extremely sick.
You feel a strong urge to attack something.
* * * LOW HITPOINT WARNING * * *
You feel very sick.
You see here the +10 hand axe "Toitwer" {vorpal, Will+ rCorr Str-3}.
You are no longer berserk.
You are exhausted.
You feel as though you will be slow longer.
You die...

......##..####.....##.##
......##...##......# ..#
########...))......+ .+
########...##......# .#
.#..[[##..####.....# .##
.#..[[##..##.##...##...#
.'..))##..##..##.##.....
.#.).)##..# #.†#†#......
.#..))##..# #.)@...#
########### ########


There were no monsters in sight!

Vanquished Creatures
  Josephine (D)
  A shadow wraith (D)
  A flayed ghost (D)
  A deep troll (D)
  A bog body (D)
  Pikel (D)
  A black mamba (D)
  2 ice devils (D)
  A polar bear (D)
  A hornet (D)
  A snapping turtle (D)
  A flying skull (D)
  3 yaks (D)
  3 wraiths (D)
  A basilisk (D)
  2 floating eyes (D)
  A sky beast (D)
  A black bear (D)
  A centaur (D)
  Blork the orc (D)
  2 scorpions (D)
  A jelly (D)
  An iguana (D)
  An orc wizard (D)
  A hell rat (D)
  A gnoll (D)
  2 ufetubi (D)
  An orc (D)
  2 giant cockroaches (D)
  A hobgoblin (D)
  A ball python zombie (D)
  A bat (D)
  A frilled lizard (D)
  A quokka zombie (D)
  3 rats (D)
46 creatures vanquished.

Vanquished Creatures (collateral kills)
  A wraith (D)
  A yak (D)
2 creatures vanquished.

Vanquished Creatures (others)
  An orc wizard (D)
1 creature vanquished.

Grand Total: 49 creatures vanquished

Notes
Turn   | Place    | Note
-------+----------+-------------------------------------------
     0 | D        | Zeld the Minotaur Berserker began the quest for the Orb.
     0 | D        | Reached XP level 1. HP: 19/19 MP: 0/0
    13 | D        | Reached XP level 2. HP: 28/28 MP: 1/1
   120 | D        | Found a bloodstained altar of Trog.
   120 | D        | Found a shimmering blue altar of Sif Muna.
   120 | D        | Found a viscous altar of Jiyva.
   120 | D        | Found a hazy altar of Hepliaklqana.
   120 | D        | Found an opulent altar of Gozag.
   121 | D        | Found a glowing golden altar of the Shining One.
   121 | D        | Found a glowing silver altar of Zin.
   121 | D        | Found a basalt altar of Yredelemnul.
   121 | D        | Found a shimmering altar of Xom.
   121 | D        | Found an ornate altar of the Wu Jian Council.
   121 | D        | Found a sacrificial altar of Ru.
   121 | D        | Found a stormy altar of Qazlal.
   121 | D        | Found an iron altar of Okawaru.
   121 | D        | Found a sparkling altar of Nemelex Xobeh.
   121 | D        | Found a burning altar of Makhleb.
   121 | D        | Found a blossoming altar of Fedhas.
   121 | D        | Found a white marble altar of Elyvilon.
   121 | D        | Found a shadowy altar of Dithmenos.
   121 | D        | Found a snail-covered altar of Cheibriados.
   123 | D        | Found a radiant altar of Vehumet.
   123 | D        | Found a corrupted altar of Lugonu.
   124 | D        | Found a hide-covered altar of Uskayaw.
   124 | D        | Found an ancient bone altar of Kikubaaqudgha.
   124 | D        | Found a broken altar of Ashenzari.
   177 | D        | Noticed a floating eye
   177 | D        | Noticed a lemure
   177 | D        | Noticed a lemure
   177 | D        | Noticed Pikel
   177 | D        | Noticed a lemure
   183 | D        | Paralysed by a floating eye for 2 turns
   185 | D        | Noticed a lemure
   188 | D        | Killed a floating eye
   189 | D        | Reached skill level 5 in Armour
   189 | D        | Reached XP level 3. HP: 39/39 MP: 2/2
   189 | D        | Reached XP level 4. HP: 47/47 MP: 3/3
   190 | D        | Reached ** piety under Trog
   195 | D        | Noticed Blork the orc
   199 | D        | Killed Pikel
   200 | D        | Reached XP level 5. HP: 60/60 MP: 4/4
   200 | D        | Reached XP level 6. HP: 68/68 MP: 5/5
   200 | D        | Reached XP level 7. HP: 74/74 MP: 6/6
   218 | D        | Killed Blork the orc
   220 | D        | Reached *** piety under Trog
   711 | D        | Noticed a flying skull
   720 | D        | Killed a flying skull
   722 | D        | Reached **** piety under Trog
   871 | D        | Reached ***** piety under Trog
   872 | D        | Reached XP level 8. HP: 85/85 MP: 7/7
   897 | D        | Noticed a hornet
   907 | D        | Killed a hornet
  1040 | D        | Received a gift from Trog
  1133 | D        | Reached skill level 10 in Armour
  1133 | D        | Noticed an ice devil
  1150 | D        | Killed an ice devil
  1560 | D        | Noticed an ice devil
  1571 | D        | Killed an ice devil
  1572 | D        | Reached XP level 9. HP: 38/96 MP: 8/8
  1785 | D        | Noticed a deep troll
  1785 | D        | Noticed a bog body
  1785 | D        | Noticed Josephine
  1799 | D        | HP: 2/84 [Josephine/ghostly fireball (18)]
  1805 | D        | Killed Josephine
  1806 | D        | Reached skill level 15 in Fighting
  1806 | D        | Reached skill level 15 in Axes
  1806 | D        | Reached skill level 10 in Dodging
  1807 | D        | Reached ****** piety under Trog
  1812 | D        | Killed a deep troll
  1812 | D        | Received a gift from Trog
  1814 | D        | Killed a bog body
  1815 | D        | Reached XP level 10. HP: 34/108 MP: 9/9
  2096 | D        | Noticed a flayed ghost
  2101 | D        | Killed a flayed ghost
  2283 | D        | Noticed a black mamba
  2288 | D        | Identified the +10 hand axe "Toitwer" {vorpal, Will+ rCorr
                  | Str-3} (Trog gifted it to you in the Dungeon)
  2288 | D        | Received a gift from Trog
  2292 | D        | Killed a shadow wraith
  2292 | D        | Killed a black mamba
  2294 | D        | HP: 4/168 [poisoned by a black mamba]
  2295 | D        | Succumbed to a black mamba's poison

Illustrated notes

Levels and vault maps discovered:
D:        pitsprint [storerooms_1, entrance_room_1, metal_vault_3, armoury_1,
          mini_pit_1, grid_room_1, main_hall_1, silver_pit, the_coven_1,
          the_vestibule_1, steel_vault_4, golden_pit, hallway_of_sentries,
          crystal_vault_3, iron_vault_3, final_vault]

Skill      XL: |  1  2  3  4  5  6  7  8  9 10 |
---------------+-------------------------------+-----
Fighting       | 4 7 11 12 14 16 18 | 18.1
Axes           | 4 7 11 12 14 16 18 | 18.0
Armour         | 3 5 7 9 10 11 13 | 13.1
Dodging        | 4 7 8 9 10 11 | 11.9

Action                   |  1- 3 |  4- 6 |  7- 9 | 10-12 || total
-------------------------+-------+-------+-------+-------++-------
Melee: Hand axe          |     3 |    10 |    55 |       ||    68
       Headbutt          |     1 |       |    16 |     7 ||    24
       Broad axe         |       |       |    52 |    28 ||    80
Invok: Berserk           |     2 |       |     4 |     2 ||     8
       Trog's Hand       |       |       |     2 |       ||     2
       Brothers in Arms  |       |       |       |     1 ||     1
  Use: Potion            |       |       |     2 |     2 ||     4
Armor: Animal skin       |       |     2 |     2 |       ||     4
       Scale mail        |       |       |    23 |     8 ||    31
Dodge: Dodged            |     2 |     1 |    47 |    13 ||    63
